 Dungeon Crawl Stone Soup version 0.29-a0-284-gf9362112df (webtiles) character file.

Game seed: 10256608348175438259

259 enile the Ducker (level 6, -3/70 HPs)
             Began as a Gnoll Wanderer on Mar 20, 2022.
             Was a Believer of Kikubaaqudgha.
             Succumbed to Edmund's poison
             ... on level 4 of the Dungeon.
             The game lasted 00:04:52 (4139 turns).

enile the Ducker (Gnoll Wanderer)                   Turns: 4139, Time: 00:04:52

Health: -3/70      AC: 23    Str:  9    XL:     6   Next: 17%
Magic:  3/3        EV:  2    Int: 22    God:    Kikubaaqudgha [**....]
Gold:   214        SH:  0    Dex: 11    Spells: 10/11 levels left

rFire   + . .      SeeInvis .   D - +0 dagger (antimagic)
rCold   . . .      Faith    .   (no shield)
rNeg    . . .      Spirit   .   (body armour currently unavailable)
rPois   +          Reflect  .   (helmet currently unavailable)
rElec   .          Harm     .   (cloak currently unavailable)
rCorr   .          Rampage  .   (gloves currently unavailable)
Will    .....      NoTele   +   (boots currently unavailable)
Stlth   ++........              j - amulet of magic regeneration
HPRegen 0.21/turn               g - ring of protection from fire
MPRegen 0.48/turn               A - +6 ring of intelligence

@: brilliant, lethally poisoned (-3 -> -20), tree-form
A: stationary, stasis, torment immunity, boosted hp, (fangs 1), strong nose,
distributed training
a: Renounce Religion, Receive Corpses


You were on level 4 of the Dungeon.
You worshipped Kikubaaqudgha.
Kikubaaqudgha was pleased with you.
You were a tree.
You visited 1 branch of the dungeon, and saw 4 of its levels.

You collected 214 gold pieces.

Inventory:

Hand Weapons
 a - a +0 dagger
 h - a +0 hunting sling
 B - a +0 war axe
 D - a +0 antimagic dagger (weapon)
Missiles
 c - 62 stones
 m - 9 poisoned darts
 G - 6 boomerangs
Armour
 d - a +0 robe (melded)
 e - a +0 pair of boots (melded)
 f - a +0 pair of boots
 n - a +0 cloak (melded)
 E - the +0 helmet of Quiet Fog (melded) {+Blink rN+ Slay+3}
   (You found it on level 4 of the Dungeon)

   Slay:      It affects your accuracy & damage with ranged weapons and melee
   (+3).
   rN:        It protects you from negative energy.
   +Blink:    It lets you blink.
Magical Staves
 C - a staff of air
Jewellery
 g - a ring of protection from fire (left branch)
 j - an amulet of magic regeneration (around neck)
 k - a ring of poison resistance
 A - a +6 ring of intelligence (right branch)
 I - a +4 ring of slaying
 J - a ring of magical power
Wands
 y - a wand of flame (20)
Scrolls
 b - 2 scrolls of teleportation
 i - 2 scrolls of magic mapping {unknown}
 q - a scroll of amnesia {unknown}
 s - a scroll of fog {unknown}
 t - 3 scrolls of enchant armour {unknown}
 u - 5 scrolls of identify {unknown}
 v - 2 scrolls of immolation {unknown}
 F - a scroll of torment {unknown}
Potions
 l - a potion of brilliance
 o - a potion of lignification
 p - a potion of flight {unknown}
 r - 2 potions of berserk rage {unknown}
 w - 2 potions of curing {unknown}
 x - a potion of experience {unknown}
 z - a potion of resistance {unknown}
 H - a potion of mutation {unknown}


   Skills:
 + Level 3.1 Fighting
 + Level 1.8 Short Blades
 + Level 1.8 Long Blades
 + Level 1.8 Axes
 + Level 1.8 Maces & Flails
 + Level 1.8 Polearms
 + Level 1.8 Staves
 + Level 1.8 Slings
 + Level 1.8 Bows
 + Level 1.8 Crossbows
 + Level 3.1 Throwing
 + Level 3.1 Armour
 + Level 4.9 Dodging
 + Level 1.8 Stealth
 + Level 1.8 Shields
 + Level 1.8 Unarmed Combat
 + Level 3.3 Spellcasting
 + Level 2.5 Conjurations
 + Level 1.4 Hexes
 + Level 1.4 Summonings
 + Level 1.4 Necromancy
 + Level 1.4 Translocations
 + Level 1.4 Transmutations
 + Level 1.4 Fire Magic
 + Level 1.4 Ice Magic
 + Level 1.4 Air Magic
 + Level 4.0 Earth Magic
 + Level 1.4 Poison Magic
 + Level 2.0 Invocations
 + Level 3.1 Evocations


You had 10 spell levels left.
You knew the following spells:

 Your Spells              Type           Power      Damage    Failure   Level
a - Sandblast             Erth           64%        2d14      2%          1

Your spell library contained the following spells:

 Spells                   Type           Power      Damage    Failure   Level
 Passwall                 Tmut/Erth      19%        N/A       6%          2
 Searing Ray              Conj           44%        2d6       6%          2
 Animate Skeleton         Necr           30%        N/A       7%          1
 Apportation              Tloc           30%        N/A       7%          1
 Pain                     Necr           60%        1d7       7%          1
 Summon Small Mammal      Summ           60%        N/A       7%          1
 Static Discharge         Conj/Air       18%        N/A       8%          2
 Vampiric Draining        Necr           15%        2d7       21%         3
 Leda's Liquefaction      Hex/Erth       11%        N/A       36%         4
 Iskenderun's Battlesphe  Conj           22%        2d8       75%         5
 Fireball                 Conj/Fire      9%         3d6       82%         5
 Agony                    Necr           15%        N/A       88%         5
 Conjure Ball Lightning   Conj/Air       9%         3x3d6     100%        6
 Orb of Destruction       Conj           11%        9d6       100%        7


Dungeon Overview and Level Annotations

Branches:
Dungeon (4/15)             Temple (0/1) D:4

Altars:
Kikubaaqudgha

Shops:
D:3 [

Annotations:
D:4 Edmund


Innate Abilities, Weirdness & Mutations

You are a tree.
Your roots penetrate the ground, keeping you stationary.
You cannot be teleported.
You are immune to unholy pain and torment.
Your maximum health is greatly increased.
Your equipment is partially melded.
((You have very sharp teeth.))
Your uncanny sense of smell can sniff out nearby items.
Your experience applies equally to all skills.


Message History

Confirm with . or Enter, or press ? or * to list all spells.
You don't have enough magic to cast this spell.
Casting: Sandblast (safe; 2% risk of failure)
Confirm with . or Enter, or press ? or * to list all spells.
You don't have enough magic to cast this spell.
You hit Edmund but do no damage.
Edmund is moderately wounded.
Edmund hits you with a +2 flail of venom.
You are poisoned.
You hit Edmund but do no damage.
Edmund is moderately wounded.
You feel very sick.
Edmund hits you with a +2 flail of venom!
You are more poisoned.
As you read the scroll of teleportation, it crumbles to dust.
You feel strangely unstable.
You feel very sick.
Edmund hits you with a +2 flail of venom.
You are lethally poisoned!
You feel very sick.
* * * LOW HITPOINT WARNING * * *
You feel very sick. Edmund attacks as you move away!
Edmund hits you with a +2 flail of venom.
* * * LOW HITPOINT WARNING * * *
You are more poisoned.
Your surroundings suddenly seem different.
* * * LOW HITPOINT WARNING * * *
You feel very sick.
It was a potion of lignification.
You turn into a tree.
Your +0 cloak melds into your body.
The +0 helmet of Quiet Fog {+Blink rN+ Slay+3} melds into your body.
Your +0 pair of boots melds into your body.
Your +0 robe melds into your body.
Your roots penetrate the ground.
* * * LOW HITPOINT WARNING * * *
You feel very sick.
It was a potion of brilliance.
You feel clever all of a sudden.
You die...
Kikubaaqudgha rasps: "You have failed me!
Welcome... death!"

##### ####......<.#
#.# ##
##....####..## #.#
.######.[####.....#
#.# ........##
#.....# #.#
######### #.^...#
### #.....# #.....#
#.....# #...♣.#
#.....# #######


There were no monsters in sight!

Vanquished Creatures
  An ogre (D:4)
  An iguana (D:4)
  6 adders
  3 worms
  4 dart slugs
  2 orcs
  8 ball pythons
  11 endoplasms
  A giant cockroach (D:3)
  8 goblins
  5 hobgoblins
  6 quokkas
  4 bats
  7 frilled lizards
  3 kobolds
  2 rats
72 creatures vanquished.

Vanquished Creatures (others)
  2 fungi (D:1)
  2 plants (D:2)
4 creatures vanquished.

Grand Total: 76 creatures vanquished

Notes
Turn   | Place    | Note
-------+----------+-------------------------------------------
     0 | D:1      | enile the Gnoll Wanderer began the quest for the Orb.
     0 | D:1      | enile set off with the following items: a +0 dagger, a
                  | scroll of teleportation, 41 stones, a +0 robe, a +0 pair of
                  | boots; and the following spell memorised: Sandblast; and
                  | the following spells available to memorise: Passwall,
                  | Searing Ray, Static Discharge, Leda's Liquefaction
     0 | D:1      | Reached XP level 1. HP: 17/17 MP: 4/4
   395 | D:1      | Reached XP level 2. HP: 23/23 MP: 3/5
  1142 | D:2      | Reached XP level 3. HP: 28/28 MP: 5/7
  1351 | D:2      | Reached skill level 1 in Invocations
  1620 | D:2      | Reached skill level 1 in Short Blades
  1620 | D:2      | Reached skill level 1 in Long Blades
  1620 | D:2      | Reached skill level 1 in Axes
  1620 | D:2      | Reached skill level 1 in Maces & Flails
  1620 | D:2      | Reached skill level 1 in Polearms
  1620 | D:2      | Reached skill level 1 in Staves
  1620 | D:2      | Reached skill level 1 in Slings
  1620 | D:2      | Reached skill level 1 in Bows
  1620 | D:2      | Reached skill level 1 in Crossbows
  1620 | D:2      | Reached skill level 1 in Stealth
  1620 | D:2      | Reached skill level 1 in Shields
  1620 | D:2      | Reached skill level 1 in Unarmed Combat
  1772 | D:2      | Reached XP level 4. HP: 33/34 MP: 8/8
  2279 | D:3      | Found a faded altar of an unknown god.
  2299 | D:3      | Prayed at the altar of an unknown god.
  2299 | D:3      | Became a worshipper of Kikubaaqudgha
  2299 | D:3      | Reached * piety under Kikubaaqudgha
  2299 | D:3      | Received a gift from Kikubaaqudgha
  2349 | D:3      | Reached skill level 1 in Hexes
  2349 | D:3      | Reached skill level 1 in Summonings
  2349 | D:3      | Reached skill level 1 in Necromancy
  2349 | D:3      | Reached skill level 1 in Translocations
  2349 | D:3      | Reached skill level 1 in Transmutations
  2349 | D:3      | Reached skill level 1 in Fire Magic
  2349 | D:3      | Reached skill level 1 in Ice Magic
  2349 | D:3      | Reached skill level 1 in Air Magic
  2349 | D:3      | Reached skill level 1 in Poison Magic
  2894 | D:3      | Reached XP level 5. HP: 36/40 MP: 5/9
  3102 | D:3      | Found Hadghonupn's Antique Armour Boutique.
  3367 | D:4      | Reached ** piety under Kikubaaqudgha
  3420 | D:4      | Identified the +0 helmet of Quiet Fog {+Blink rN+ Slay+3}
  3566 | D:4      | Noticed Edmund
  3977 | D:4      | Found a staircase to the Ecumenical Temple.
  3988 | D:4      | Noticed an ogre
  3994 | D:4      | Killed an ogre
  3995 | D:4      | Reached XP level 6. HP: 47/47 MP: 1/10
  4138 | D:4      | HP: 1/70 [poisoned by Edmund]
  4139 | D:4      | Succumbed to Edmund's poison

Illustrated notes

Levels and vault maps discovered:
D:1:      scummos_arrival_forest, layout_basic, serial_rivers,
          chequers_serial_rivers_small_b, chequers_serial_rivers_small_a,
          chequers_serial_rivers_room_b, chequers_serial_rivers_micro_b,
          dreamdust_mushroom_princess, corexii_corridor_pit, minivault_14
D:2:      minmay_chambers_of_ones, layout_basic, serial_bayou_pond_b,
          minmay_crystal_water
D:3:      layout_loops_ring, hellmonk_ecumenical_altar_leap_of_faith,
          serial_shops, nicolae_shop_stone
D:4:      layout_rooms, minmay_temple_entry_sparse_star, kennysheep_doodads,
          sigmund_edmund_badplayer

Skill      XL: |  1  2  3  4  5 |
---------------+----------------+-----
Conjurations   | 2 |  2.5
Invocations    | 1 2 |  2.0
Short Blades   | 1 |  1.8
Long Blades    | 1 |  1.8
Axes           | 1 |  1.8
Maces & Flails | 1 |  1.8
Polearms       | 1 |  1.8
Staves         | 1 |  1.8
Slings         | 1 |  1.8
Bows           | 1 |  1.8
Crossbows      | 1 |  1.8
Stealth        | 1 |  1.8
Shields        | 1 |  1.8
Unarmed Combat | 1 |  1.8
Spellcasting   | 3 |  3.3
Hexes          | 1 |  1.4
Summonings     | 1 |  1.4
Necromancy     | 1 |  1.4
Translocations | 1 |  1.4
Transmutations | 1 |  1.4
Fire Magic     | 1 |  1.4
Ice Magic      | 1 |  1.4
Air Magic      | 1 |  1.4
Poison Magic   | 1 |  1.4
Fighting       | 3 |  3.1
Throwing       | 3 |  3.1
Armour         | 3 |  3.1
Earth Magic    | 4 |  4.0
Evocations     | 3 |  3.1
Dodging        | |  4.9

Action                   |  1- 3 |  4- 6 || total
-------------------------+-------+-------++-------
Melee: Dagger            |    53 |    31 ||    84
       Bite              |     5 |     5 ||    10
       Punch             |     2 |     1 ||     3
 Cast: Sandblast         |    43 |    67 ||   110
  Use: Scroll            |       |     2 ||     2
       Potion            |       |     2 ||     2
Armor: Robe              |    33 |     9 ||    42
Dodge: Dodged            |    79 |    35 ||   114

Table legend: (Time is in decaauts)
 A = Elapsed time spent in this place.
 B = Non-inter-level travel time spent in this place.
 C = Inter-level travel time spent in this place.
 D = Time resting spent in this place.
 E = Time spent auto-exploring this place.
 F = Levels seen in this place.
 G = Mean time per level.
                   A        B        C        D        E       F      G
               +--------+--------+--------+--------+--------+-----+--------+
         Total |   4149 |   4041 |    108 |      0 |   3458 |   4 | 1037.2 |
       Dungeon |   4149 |   4041 |    108 |      0 |   3458 |   4 | 1037.2 |
               +--------+--------+--------+--------+--------+-----+--------+

Top non-repeatable levels by time:
     D:2: 1155 daAuts
     D:1: 1119 daAuts
     D:3: 1081 daAuts
     D:4: 792 daAuts
